 Dungeon Crawl Stone Soup version 0.22-a0-605-g9281fa2 (webtiles) character file.

74428 Gorglomux the Peltast (level 15, -2/141 HPs)
             Began as a Minotaur Fighter on July 8, 2018.
             Was the Champion of Dithmenos.
             Slain by Aizul (49 damage)
             ... on level 3 of the Snake Pit.
             The game lasted 00:14:16 (16336 turns).

Gorglomux the Peltast (Minotaur Fighter)           Turns: 16336, Time: 00:14:17

Health: -2/141     AC: 27    Str: 27    XL:     15   Next: 6%
Magic:  14/20      EV:  6    Int:  5    God:    Dithmenos [******]
Gold:   1459       SH:  0    Dex: 21    Spells: 14/14 levels left

rFire    . . .     SeeInvis +   a - +9 broad axe "Rirenlog" {chop, *Noise rPois Dex+9 SInv}
rCold    . . .     Gourm    .   j - +6 large shield
rNeg     . . .     Faith    +   u - +0 plate armour
rPois    +         Spirit   .   L - +0 hat {SInv}
rElec    .         Reflect  .   G - +1 cloak
rCorr    .         Harm     .   (no gloves)
MR       ++...                  x - +1 pair of boots of Masochism {Dex+2}
Stlth    ..........             o - amulet of faith
HPRegen  0.33/turn              m - ring of protection from magic
MPRegen  0.17/turn              s - +5 ring of protection

@: lethally poisoned (-2 -> -2), sleeping, wreathed by umbra
A: retaliatory headbutt, horns 2
a: Shadow Step, Shadow Form, Renounce Religion


You were on level 3 of the Snake Pit.
You worshipped Dithmenos.
Dithmenos was exalted by your worship.
You were not hungry.

You visited 4 branches of the dungeon, and saw 24 of its levels.
You also visited: Ossuary.

You collected 1459 gold pieces.

Inventory:

Hand Weapons
 a - the +9 broad axe "Rirenlog" (weapon) {chop, *Noise rPois Dex+9 SInv}
   (You acquired it on level 6 of the Dungeon)

   It inflicts extra damage upon your enemies.
   It affects your dexterity (+9).
   It protects you from poison.
   It lets you see invisible.
   It may make noises in combat.
 b - a +3 hand axe of flaming
 B - a +0 war axe of freezing
Missiles
 Z - a throwing net (quivered)
Armour
 j - a +6 large shield (worn)
 u - a +0 plate armour (worn)
 x - the +1 pair of boots of Masochism (worn) {Dex+2}
   (You acquired it on level 10 of the Dungeon)

   It affects your dexterity (+2).
 G - a +1 cloak (worn)
 K - a +0 scale mail
 L - a +0 hat of see invisible (worn)
Jewellery
 m - a ring of protection from magic (left hand)
 o - an amulet of faith (around neck)
 r - an uncursed amulet of regeneration
 s - a +5 ring of protection (right hand)
Wands
 A - a wand of acid (12)
 E - a wand of enslavement (10)
 I - a wand of iceblast (10)
 O - a wand of clouds (12)
 P - a wand of paralysis (20)
 S - a wand of scattershot (6)
Scrolls
 g - 3 scrolls of immolation
 C - 2 scrolls of fog
 M - 3 scrolls of magic mapping
 R - 2 scrolls of identify
 T - 7 scrolls of teleportation
 W - 5 scrolls of enchant weapon
 Y - 13 scrolls of remove curse
Potions
 d - 3 potions of might
 i - 4 potions of lignification
 l - a potion of berserk rage
 n - 5 potions of flight
 p - 2 potions of agility
 v - a potion of mutation {!q}
 D - 4 potions of cancellation
 F - a potion of heal wounds
 H - 4 potions of ambrosia
 J - 5 potions of degeneration
 N - a potion of resistance
 Q - 2 potions of curing
 U - 2 potions of brilliance
Miscellaneous
 V - a phantom mirror
 X - a phial of floods
Comestibles
 f - 46 rations


   Skills:
 + Level 15.0 Fighting
 + Level 14.9 Axes
 + Level 15.1 Armour
 + Level 15.1 Shields
 + Level 9.2 Invocations


You had 14 spell levels left.
You didn't know any spells.
Your spell library contained the following spells:

 Spells                   Type           Power        Failure   Level  Hunger
 Apportation              Tloc           #.....       100%        1    ##.....
 Conjure Flame            Conj/Fire      #.......     100%        3    ####...
 Confuse                  Hex            #.......     100%        3    ####...
 Invisibility             Hex            #.......     100%        6    #######
 Throw Frost              Conj/Ice       #.....       100%        2    ###....
 Freeze                   Ice            #...         100%        1    ##.....
 Summon Ice Beast         Ice/Summ       #.......     100%        4    #####..
 Ozocubu's Armour         Chrm/Ice       #.......     100%        3    ####...
 Tukima's Dance           Hex            #.......     100%        3    ####...
 Spider Form              Tmut/Pois      #.........   100%        3    ####...
 Blade Hands              Tmut           #.........   100%        5    ######.
 Ice Form                 Ice/Tmut       #.......     100%        4    #####..
 Throw Icicle             Conj/Ice       #.......     100%        4    #####..
 Sticks to Snakes         Tmut           #.......     100%        2    ###....
 Ensorcelled Hibernation  Hex/Ice        #.....       100%        2    ###....
 Summon Butterflies       Summ           #.......     100%        1    ##.....
 Corona                   Hex            #......      100%        1    ##.....
 Alistair's Intoxication  Tmut/Pois      #.......     100%        5    ######.
 Excruciating Wounds      Chrm/Necr      #.........   100%        5    ######.
 Beastly Appendage        Tmut           #.....       100%        1    ##.....
 Dazzling Spray           Conj/Hex       #.....       100%        3    ####...
 Lesser Beckoning         Tloc           #.........   100%        3    ####...
 Ignition                 Fire           #.........   100%        8    #######


Dungeon Overview and Level Annotations

Branches:
Dungeon (15/15)            Temple (1/1) D:5            Lair (5/6) D:10
  Swamp (0/4) Lair:3        Snake (3/4) Lair:2          Orc (0/2) D:12
 Vaults (0/5) D:14         Depths (0/5) D:15
  Slime: Lair:5-6

Altars:
Cheibriados
Dithmenos
Elyvilon
Fedhas
Gozag
Hepliaklqana
Kikubaaqudgha
Nemelex Xobeh
Okawaru
Qazlal
Ru
Sif Muna
Trog
Uskayaw
Vehumet
Wu Jian
Xom
Yredelemnul
Zin
The Shining One

Shops:
D:8 %   Snake:2 [

Annotations:
Lair:2 exclusion: oklob plant
Lair:3 1 runed door
Snake:3 Aizul


Innate Abilities, Weirdness & Mutations

You reflexively headbutt those who attack you in melee.
You have a pair of horns on your head.


Message History

The black mamba bites you but does no damage!
You cut the mana viper into ribbons!!!!!!
You annihilate the mana viper!!!
Dithmenos roars: ANNIHILATED!
You open Aizul like a pillowcase!!!!!! You miss the black butt!
You chop the mana viper into butts!
You annihilate the mana viper!!!
Dithmenos roars: ANNIHILATED!
Aizul yawns, and then pretends she butt't!
Butt block Aizul's attack!
Butt block the black mamba's attack!
You cut Aizul into ribbons!!!!!!
Aizul is heavily wounded!
Butt butt the naga like a ham!
You cut the black mamba into ribbons! Your shadow misses Aizul!
Your shadow misses the naga! Your shadow misses the black mamba!
You block the black mamba's attack! Aizul casts a spell at you!
You fall asleep!
The black butt bites you but does no damage!
Aizul hits you!!!!!!!!! rip

.. #.. .. #..# .##... ....#
.... ..##########..# #..
...........)N.#....
..........†@S......
...........)S.#.......# #..
..........(...###.....##.( #
................# ....... #.
........(.......###.....###.
.)......>.........##...##...
..####)............#...#....
#..............##.##....
#........(...)...)†...)#..


You could see Aizul, a black mamba and a naga.

Vanquished Creatures
  Kirke (Lair:3)
  A nagaraja (Snake:3)
  Louise (D:14)
  Azrael (Snake:1)
  A vault guard (D:14)
  A naga warrior (Snake:1)
  Fannar (Lair:2)
  8 hydras
  6 two-headed ogres
  A centaur warrior (D:14)
  2 anacondas
  A death knight (D:14)
  Erica (Lair:2)
  5 death yaks (Lair:3)
  Urug (Lair:2)
  An ogre mage (D:15)
  A naga sharpshooter (Snake:3)
  5 shock serpents
  A salamander mystic (Snake:2)
  4 naga ritualists
  An unseen horror (shapeshifter) (D:15)
  A glowing orange brain (D:15)
  An orc knight (D:15)
  9 ugly things
  2 harpies (shapeshifter)
  5 mana vipers
  A salamander (shapeshifter) (D:15)
  A wolf spider zombie (D:13)
  2 salamanders (Snake:2)
  A deep elf mage (D:14)
  7 slime creatures (D:15)
  A manticore (D:12)
  5 naga magi
  Joseph (D:9)
  17 black mambas
  Maurice (D:13)
  7 spiny frogs
  5 komodo dragons
  2 rime drakes
  A tengu conjurer (D:14)
  4 trolls
  2 hornets
  A polar bear (Lair:3)
  7 blink frogs
  Prince Ribbit (D:7)
  8 dream sheep
  5 hippogriffs
  Sigmund (D:3)
  A vampire (D:11)
  A water elemental (D:14)
  2 wraiths (D:13)
  4 hogs
  A shadow (D:14)
  A human (D:9)
  Eustachio (D:5)
  A wyvern (Lair:4)
  4 yaks (D:9)
  4 fire elementals (Snake:2)
  7 hungry ghosts
  5 basilisks
  Menkaure (D:7)
  6 nagas
  6 water moccasins
  6 porcupines
  4 hell hounds (Snake:2)
  A sky beast (D:7)
  3 ice beasts
  A necrophage (D:12)
  3 orc warriors
  9 ogres
  3 black bears
  An eye of draining (D:11)
  An eye of draining (shapeshifter) (D:15)
  18 wolves
  3 phantoms
  5 crocodiles
  25 centaurs
  2 big kobolds
  13 bullfrogs
  2 wyvern skeletons
  3 scorpions
  16 killer bees
  A howler monkey (D:11)
  12 crimson imps
  A bullfrog zombie (D:6)
  2 centaur zombies (Ossuary)
  A quasit (D:14)
  3 jellies
  7 orc priests
  Crazy Yiuf (D:5)
  5 hounds
  6 orc wizards
  2 bullfrog skeletons
  6 centaur skeletons
  Ijyb (D:3)
  Terence (D:3)
  2 iguanas
  10 worker ants
  A big kobold zombie (Ossuary)
  A hound zombie (D:8)
  2 mummies (Ossuary)
  3 hound skeletons
  6 gnolls
  8 adders
  2 shadow imps
  A white imp (D:11)
  An ooze (D:2)
  3 adder zombies
  A worm (D:4)
  9 leopard geckos
  35 orcs
  5 giant cockroaches
  8 hobgoblins
  17 jackals
  3 quokkas
  A ball python (D:5)
  5 bats
  4 frilled lizards
  7 goblins
  A goblin zombie (Ossuary)
  10 hobgoblin zombies (Ossuary)
  2 jackal zombies (Ossuary)
  17 kobolds
  11 kobold zombies (Ossuary)
  5 orc zombies (Ossuary)
  3 rats
  3 rat zombies (Ossuary)
  A plant (Lair:1)
545 creatures vanquished.

Vanquished Creatures (others)
  3 humans
  2 fungi
  A plant (Lair:2)
  9 toadstools (Lair:3)
15 creatures vanquished.

Grand Total: 560 creatures vanquished

Notes
Turn   | Place    | Note
-------+----------+-------------------------------------------
     0 | D:1      | Gorglomux the Minotaur Fighter began the quest for the Orb.
     0 | D:1      | Reached XP level 1. HP: 19/19 MP: 0/0
   215 | D:1      | Reached XP level 2. HP: 25/27 MP: 1/1
   320 | D:2      | Found an iron altar of Okawaru.
   550 | D:2      | Reached skill level 3 in Axes
   550 | D:2      | Reached XP level 3. HP: 33/33 MP: 2/2
   601 | D:2      | Found a basalt altar of Yredelemnul.
   651 | D:2      | Found an opulent altar of Gozag.
  1009 | D:3      | Reached XP level 4. HP: 27/41 MP: 3/3
  1114 | D:3      | Noticed Sigmund
  1119 | D:3      | Killed Sigmund
  1119 | D:3      | Reached XP level 5. HP: 47/48 MP: 4/4
  1255 | D:3      | Noticed Ijyb
  1264 | D:3      | Killed Ijyb
  1264 | D:3      | Reached XP level 6. HP: 56/56 MP: 5/5
  1392 | D:3      | Found a stormy altar of Qazlal.
  1581 | D:3      | Noticed Terence
  1587 | D:3      | Killed Terence
  1643 | D:4      | Found a blossoming altar of Fedhas.
  1663 | D:4      | Found a sparkling altar of Nemelex Xobeh.
  2066 | D:4      | Found a hazy altar of Hepliaklqana.
  2067 | D:4      | Found a radiant altar of Vehumet.
  2138 | D:4      | Reached XP level 7. HP: 62/62 MP: 6/6
  2309 | D:5      | Entered Level 5 of the Dungeon
  2354 | D:5      | Found a staircase to the Ecumenical Temple.
  2358 | D:5      | Noticed Eustachio
  2384 | D:5      | Killed Eustachio
  2384 | D:5      | Reached skill level 6 in Fighting
  2384 | D:5      | Reached skill level 6 in Armour
  2384 | D:5      | Reached skill level 6 in Shields
  2392 | Temple   | Entered the Ecumenical Temple
  2442 | Temple   | Became a worshipper of Dithmenos the Shadowed
  2867 | D:5      | Reached skill level 6 in Axes
  2867 | D:5      | Reached XP level 8. HP: 71/71 MP: 7/7
  2892 | D:5      | Found a runed door.
  2896 | D:5      | Noticed Crazy Yiuf
  2902 | D:5      | Killed Crazy Yiuf
  3226 | D:6      | Found a sacrificial altar of Ru.
  3376 | D:6      | Found a sand-covered staircase.
  3433 | Ossuary  | Entered an ossuary
  3451 | Ossuary  | Reached * piety under Dithmenos
  3503 | Ossuary  | Reached ** piety under Dithmenos
  3663 | D:6      | Identified 2 scrolls of acquirement
  3664 | D:6      | Got a translucent broad axe
  3672 | D:6      | Identified the +9 broad axe "Rirenlog" {chop, *Noise rPois Dex+9 SInv} (You acquired it on level 6 of the Dungeon)
  3898 | D:7      | Noticed Prince Ribbit
  3909 | D:7      | Killed Prince Ribbit
  4014 | D:7      | Reached XP level 9. HP: 81/81 MP: 8/8
  4084 | D:7      | Noticed Menkaure
  4094 | D:7      | Killed Menkaure
  4116 | D:8      | Found a bloodstained altar of Trog.
  4116 | D:8      | Noticed a two-headed ogre
  4124 | D:8      | Killed a two-headed ogre
  4311 | D:8      | Reached skill level 9 in Shields
  4357 | D:8      | Reached *** piety under Dithmenos
  4357 | D:8      | Reached skill level 9 in Fighting
  4357 | D:8      | Reached skill level 9 in Armour
  4443 | D:8      | Found Pimmudaeb's Food Shoppe.
  4449 | D:8      | Reached skill level 9 in Axes
  4484 | D:8      | Reached XP level 10. HP: 91/91 MP: 9/9
  4713 | D:9      | Reached **** piety under Dithmenos
  4722 | D:9      | Noticed Joseph
  4884 | D:9      | Killed Joseph
  5001 | D:9      | Found a glowing silver altar of Zin.
  5361 | D:10     | Entered Level 10 of the Dungeon
  5363 | D:10     | Reached ***** piety under Dithmenos
  5366 | D:10     | Noticed a four-headed hydra
  5372 | D:10     | Killed a three-headed hydra
  5372 | D:10     | Reached XP level 11. HP: 81/101 MP: 10/10
  5420 | D:10     | Found a staircase to the Lair.
  5800 | D:10     | Got a pair of pitted boots
  5811 | D:10     | Identified the +1 pair of boots of Masochism {Dex+2} (You acquired it on level 10 of the Dungeon)
  6121 | D:11     | Identified Sif Muna's Volume of Fire and Augmentations
  6349 | D:11     | Noticed a two-headed ogre
  6360 | D:11     | Killed a two-headed ogre
  6632 | D:11     | Noticed a white ugly thing
  6641 | D:11     | Killed a white ugly thing
  6848 | D:12     | Noticed a red ugly thing
  6856 | D:12     | Reached skill level 1 in Invocations
  6856 | D:12     | Killed a red ugly thing
  7434 | D:12     | Noticed a two-headed ogre
  7438 | D:12     | Killed a two-headed ogre
  7474 | D:12     | Found a staircase to the Orcish Mines.
  7532 | D:13     | Reached ****** piety under Dithmenos
  7536 | D:13     | Noticed a harpy
  7540 | D:13     | Killed a harpy
  7563 | D:13     | Noticed a white ugly thing
  7571 | D:13     | Killed a white ugly thing
  7571 | D:13     | Reached skill level 12 in Shields
  7691 | D:13     | Reached XP level 12. HP: 106/112 MP: 11/13
  7799 | D:13     | Reached skill level 12 in Fighting
  7799 | D:13     | Reached skill level 12 in Armour
  7814 | D:13     | Noticed a two-headed ogre
  7821 | D:13     | Killed a two-headed ogre
  7821 | D:13     | Reached skill level 3 in Invocations
  8129 | D:13     | Noticed Maurice
  8136 | D:13     | Killed Maurice
  8423 | D:14     | Noticed a centaur warrior
  8425 | D:14     | Killed a centaur warrior
  8425 | D:14     | Reached skill level 12 in Axes
  8469 | D:14     | Noticed Louise
  8493 | D:14     | Killed Louise
  8946 | D:14     | Noticed a vault guard
  8946 | D:14     | Noticed a death knight
  8960 | D:14     | HP: 5/169 [death knight/morningstar (9)]
  8962 | D:14     | HP: 1/253 [death knight/morningstar (16)]
  8963 | D:14     | Killed a death knight
  8973 | D:14     | Killed a vault guard
  9321 | D:14     | Found a gate to the Vaults.
  9596 | D:15     | Entered Level 15 of the Dungeon
  9596 | D:15     | Noticed an ogre mage
  9596 | D:15     | Noticed a two-headed ogre
  9600 | D:15     | Killed a two-headed ogre
  9602 | D:15     | Noticed a two-headed ogre
  9606 | D:15     | Killed an ogre mage
  9611 | D:15     | Killed a two-headed ogre
  9626 | D:15     | Reached XP level 13. HP: 95/122 MP: 16/16
  9940 | D:15     | Reached skill level 6 in Invocations
  9948 | D:15     | Found a staircase to the Depths.
 10132 | Lair:1   | Entered Level 1 of the Lair of Beasts
 10786 | Lair:2   | Noticed Fannar
 10790 | Lair:2   | Noticed Erica
 10795 | Lair:2   | Killed Fannar
 10800 | Lair:2   | Killed Erica
 11233 | Lair:2   | Noticed Urug
 11242 | Lair:2   | Killed Urug
 12055 | Lair:3   | Found a staircase to the Swamp.
 12129 | Lair:3   | Found a frozen archway.
 12313 | Lair:3   | Found a runed door.
 12420 | Lair:3   | Reached XP level 14. HP: 132/132 MP: 18/18
 12861 | Lair:4   | Noticed Kirke
 12865 | Lair:4   | Noticed a sphinx
 12945 | Lair:3   | Killed Kirke
 14076 | Lair:2   | Found a staircase to the Snake Pit.
 14177 | Snake:1  | Entered Level 1 of the Snake Pit
 14203 | Snake:1  | Noticed Azrael
 14553 | Snake:1  | Killed Azrael
 15280 | Snake:2  | Found Seigi's Armour Emporium.
 15284 | Snake:2  | Found Fumeah's Antique Weapon Shoppe.
 15948 | Snake:3  | Noticed a nagaraja
 16274 | Snake:3  | Reached skill level 15 in Shields
 16278 | Snake:3  | Reached skill level 9 in Invocations
 16293 | Snake:3  | Reached skill level 15 in Armour
 16298 | Snake:3  | Killed a nagaraja
 16298 | Snake:3  | Reached skill level 15 in Fighting
 16309 | Snake:3  | Reached XP level 15. HP: 76/141 MP: 20/20
 16328 | Snake:3  | Noticed Aizul
 16336 | Snake:3  | Slain by Aizul

Vault maps used:
D:1:      matt_arrival_grand_opening
D:2:      overflow_temple_1_default, nicolae_overflow_crystal_walls,
          overflow_temple_1_default, first_ration
D:3:      nicolae_qazlal_eye_of_the_storm, uniq_ijyb, uniq_terence, uniq_sigmund
D:4:      fedhas_altar_2, kennysheep_mini, minitemple
D:5:      minmay_temple_entry_mist, minmay_misc_feat_encased,
          uniq_crazy_yiuf_cottage, uniq_eustachio
D:6:      lemuel_doored_altar, lemuel_crystal_altar, enter_ossuary_5,
          serial_shops, shop
D:7:      lightli_temple_of_fire, uniq_prince_ribbit1, uniq_menkaure
D:8:      serial_shops, shop, bloody_trog
D:9:      kennysheep_mini_moat, grunt_livestock, uniq_joseph
D:10:     lair_entry_dummy
D:11:     minmay_nine_imps
D:12:     orc_0_dummy
D:13:     uniq_maurice
D:14:     david_vaults_5, kennysheep_small_spiral,
          hangedman_abyss_or_decor_stagger, uniq_louise
D:15:     gammafunk_enter_depths_forms, solitary_fountain
Temple:   cyrus_temple_forest
Lair:1:   basic_altar, grunt_megastairs_3, lemuel_fruit_tree,
          lemuel_fruit_fields
Lair:2:   dummy_snake_entry, hibernation_bobbens, infiniplex_staircase_pool_2,
          minmay_lair_oklob_chamber, lemuel_fruit_fields, uniq_fannar,
          uniq_erica, uniq_urug
Lair:3:   gammafunk_lair_enchanted_lake, swamp_mist_pool,
          portal_ice_cave_entry_pillars_1
Lair:4:   uniq_kirke
Lair:5:   slime_altar_1, st_stairs_9
Snake:1:  ebering_ghost_xom, grunt_megastairs_1, uniq_azrael
Snake:2:  minmay_shoptagon
Snake:3:  hangedman_cross_stitches, nicolae_snake_squiggles, uniq_aizul
Ossuary:  ossuary_tomb_1

Skill      XL: |  1  2  3  4  5  6  7  8  9 10 11 12 13 14 |
---------------+-------------------------------------------+-----
Shields        | 4 5 6 8 9 10 12 13 14 15 | 15.1
Fighting       | 4 5 6 7 9 10 11 13 14 15 | 15.0
Armour         | 4 5 6 7 9 10 11 13 14 15 | 15.1
Axes           | 3 4 5 6 7 9 10 11 12 13 14 | 14.9
Invocations    | 2 5 7 9 |  9.2

Action                   |  1- 3 |  4- 6 |  7- 9 | 10-12 | 13-15 || total
-------------------------+-------+-------+-------+-------+-------++-------
Melee: War axe           |    87 |   109 |   148 |       |       ||   344
       Headbutt          |    11 |    18 |    45 |    97 |   126 ||   297
       Broad axe         |       |       |    74 |   339 |   446 ||   859
       Hand axe          |       |       |       |     2 |    23 ||    25
Invok: Shadow Step       |       |       |       |       |     1 ||     1
Evoke: Wand              |       |       |       |     1 |       ||     1
  Use: Scroll            |       |     5 |     4 |    10 |    20 ||    39
       Potion            |       |       |       |     3 |     1 ||     4
 Stab: Confused          |       |       |       |     4 |       ||     4
       Distracted        |       |       |       |       |     2 ||     2
  Eat: Chunk             |       |     4 |     8 |    19 |    15 ||    46
       Ration            |       |       |     1 |     1 |     2 ||     4
Armor: Scale mail        |     4 |       |       |       |       ||     4
       Chain mail        |    45 |    67 |   149 |   108 |       ||   369
       Plate armour      |       |       |       |    70 |   262 ||   332
       Skin              |       |       |       |     2 |       ||     2
Dodge: Dodged            |    14 |    22 |    88 |    98 |    84 ||   306
Block: Shield            |    36 |    57 |   170 |   189 |       ||   452
       Large shield      |       |       |       |    82 |   567 ||   649

Table legend:
 A = Spawn XP
 B = Non-spawn XP
 C = Spawn XP percentage of total XP
 D = Spawn monster count
 E = Non-spawn monster count
 F = Spawn count percentage of total count
 G = Total turns spent on level
                    A         B        C        D         E        F      G
               +---------+---------+-------+---------+---------+-------+---------
         Total |       0 |  106326 |   0.0 |       0 |     544 |   0.0 | 16336
               +---------+---------+-------+---------+---------+-------+---------
           D:1 |       0 |      22 |   0.0 |       0 |      15 |   0.0 |   315
           D:2 |       0 |      51 |   0.0 |       0 |      18 |   0.0 |   670
           D:3 |       0 |     381 |   0.0 |       0 |      21 |   0.0 |   647
           D:4 |       0 |     346 |   0.0 |       0 |      19 |   0.0 |   677
           D:5 |       0 |     694 |   0.0 |       0 |      15 |   0.0 |   569
           D:6 |       0 |     687 |   0.0 |       0 |      16 |   0.0 |   701
           D:7 |       0 |     885 |   0.0 |       0 |       8 |   0.0 |   251
           D:8 |       0 |    2662 |   0.0 |       0 |      30 |   0.0 |   725
           D:9 |       0 |    4197 |   0.0 |       0 |      55 |   0.0 |   525
          D:10 |       0 |    2692 |   0.0 |       0 |      28 |   0.0 |   670
          D:11 |       0 |    4545 |   0.0 |       0 |      38 |   0.0 |   839
          D:12 |       0 |    2696 |   0.0 |       0 |      13 |   0.0 |   714
          D:13 |       0 |    4439 |   0.0 |       0 |      18 |   0.0 |   805
          D:14 |       0 |    9010 |   0.0 |       0 |      27 |   0.0 |  1325
          D:15 |       0 |   11155 |   0.0 |       0 |      28 |   0.0 |   418
        Lair:1 |       0 |    5426 |   0.0 |       0 |      19 |   0.0 |   654
        Lair:2 |       0 |    9314 |   0.0 |       0 |      25 |   0.0 |  1535
        Lair:3 |       0 |   12952 |   0.0 |       0 |      34 |   0.0 |  1230
        Lair:4 |       0 |    2886 |   0.0 |       0 |      17 |   0.0 |   566
        Lair:5 |       0 |    1593 |   0.0 |       0 |       3 |   0.0 |    60
       Snake:1 |       0 |    9979 |   0.0 |       0 |      18 |   0.0 |   769
       Snake:2 |       0 |    6416 |   0.0 |       0 |      18 |   0.0 |   746
       Snake:3 |       0 |   13094 |   0.0 |       0 |      22 |   0.0 |   644
       Ossuary |       0 |     204 |   0.0 |       0 |      39 |   0.0 |   208
               +---------+---------+-------+---------+---------+-------+---------
